Match 47272306
Unlisted

Match 47272306
End
Engineer Squad
Construct Weapon Support Center
Selects Heavy Weapons
M1919 Machine Gun Team
M1919 Machine Gun Team
M1919 Machine Gun Team
Infantry Support Center
Selects Assault Carriers
M3 Assault Carrier
M3 Assault Carrier
Selects Exchangeable Parts
M3 Assault Carrier
M3 Assault Carrier
M3 Assault Carrier
M1919 Machine Gun Team
Engineer Squad
lemerman9
gabman6
CoH3Master
Godz345
将军的士兵
ParazituRO
DamnLuck
KIMCHIMAN
0
0

Comments sign in to comment!

No comments posted yet!